 Dungeon Crawl Stone Soup version 0.29-a0-322-g68df515428 (webtiles) character file.

Game seed: 16426039520753141332

65 sanka the Chopper (level 4, -1/41 HPs)
             Began as a Gnoll Cinder Acolyte on Apr 8, 2022.
             Was a High Priest of Ignis.
             Succumbed to an adder's poison
             ... on level 2 of the Dungeon.
             The game lasted 00:01:32 (1828 turns).

sanka the Chopper (Gnoll Cinder Acolyte)            Turns: 1828, Time: 00:01:32

Health: -1/41      AC:  2    Str: 13    XL:     4   Next: 14%
Magic:  3/8        EV: 11    Int: 14    God:    Ignis [*****.]
Gold:   43         SH:  0    Dex:  9    Spells: 6/8 levels left

rFire   + . .      SeeInvis .   a - -1 hand axe (flame)
rCold   . . .      Faith    .   (no shield)
rNeg    . . .      Spirit   .   b - +0 robe
rPois   .          Reflect  .   (no helmet)
rElec   .          Harm     .   (no cloak)
rCorr   .          Rampage  .   (no gloves)
Will    .....                   (no boots)
Stlth   +.........              (no amulet)
HPRegen 0.13/turn               (no ring)
MPRegen 0.11/turn               (no ring)

@: lethally poisoned (-1 -> -6), attractive
A: fangs 1, strong nose, distributed training
a: Renounce Religion, Fiery Armour, Foxfire Swarm, Rising Flame


You were on level 2 of the Dungeon.
You worshipped Ignis.
Ignis was extremely pleased with you.
You visited 1 branch of the dungeon, and saw 2 of its levels.

You collected 43 gold pieces.


Innate Abilities, Weirdness & Mutations

You have very sharp teeth.
Your uncanny sense of smell can sniff out nearby items.
Your experience applies equally to all skills.


   Skills:
 + Level 6.6 Fighting
 + Level 1.0 Short Blades
 + Level 1.0 Long Blades
 + Level 6.6 Axes
 + Level 1.0 Maces & Flails
 + Level 1.0 Polearms
 + Level 1.0 Staves
 + Level 1.0 Slings
 + Level 1.0 Bows
 + Level 1.0 Crossbows
 + Level 1.0 Throwing
 + Level 1.0 Armour
 + Level 1.0 Dodging
 + Level 1.0 Stealth
 + Level 1.0 Shields
 + Level 1.0 Unarmed Combat
 + Level 2.9 Spellcasting
 + Level 0.8 Conjurations
 + Level 0.8 Hexes
 + Level 0.8 Summonings
 + Level 0.8 Necromancy
 + Level 0.8 Translocations
 + Level 0.8 Transmutations
 + Level 5.4 Fire Magic
 + Level 0.8 Ice Magic
 + Level 0.8 Air Magic
 + Level 0.8 Earth Magic
 + Level 0.8 Poison Magic
 + Level 1.1 Invocations
 + Level 1.0 Evocations


You had 6 spell levels left.
You knew the following spells:

 Your Spells              Type           Power      Damage    Failure   Level
y - Scorch                Fire           34%        2d7       3%          2

Your spell library contained the following spells:

 Spells                   Type           Power      Damage    Failure   Level


Inventory:

Hand Weapons
 a - a -1 hand axe of flaming (weapon)
Missiles
 g - 3 poisoned darts
Armour
 b - a +0 robe (worn)
Magical Staves
 i - a staff of cold
Scrolls
 c - 3 scrolls of enchant weapon {unknown}
Potions
 d - a potion of ambrosia {unknown}
 f - a potion of might {unknown}
 h - a potion of flight {unknown}
 j - a potion of brilliance {unknown}
 k - a potion of heal wounds {unknown}

Dungeon Overview and Level Annotations

Branches:
Dungeon (2/15)

Altars:

▒.▒▒+▒)▒▒+▒.▒▒'▒.▒
.................▒
▒.▒▒'▒.▒▒'▒.▒▒'▒.▒
▒.▒..▒.▒..▒.▒..▒.▒
'.'..▒.▒..+.'..▒.▒ ▒
▒.▒▒▒▒.▒▒▒▒.▒▒▒▒.▒ ▒.▒▒
.................▒ .....
▒▒▒▒▒▒▒▒▒▒▒▒▒▒▒▒.▒......
∆ .......g.......
▒▒.▒▒▒.▒....... ▒.
▒▒▒▒.▒▒ ▒. ▒ ▒. ∆ ▒. ..
▒"


There were no monsters in sight!


Message History

* * * LOW HITPOINT WARNING * * *
You feel sick. The adder bites you.
* * * LOW HITPOINT WARNING * * *
You are lethally poisoned!
The adder poisons you!
You completely miss the adder. You bite the adder, but do no damage.
The adder is moderately wounded.
* * * LOW HITPOINT WARNING * * *
You feel sick. The adder closely misses you. The adder barely misses you.
Flames lash the adder.
The adder is almost dead.
The adder's fire resistance burns away.
* * * LOW HITPOINT WARNING * * *
You feel sick.
You hear a shout!
The adder bites you but does no damage.
Flames lash the adder.
The adder is burned terribly!
You kill the adder!
* * * LOW HITPOINT WARNING * * *
You feel sick.
You have reached level 4!
You feel clever.
It was a potion of attraction.
You feel attractive to monsters.
You die...

Action                   |  1- 3 |  4- 6 || total
-------------------------+-------+-------++-------
Melee: Hand axe          |   111 |       ||   111
       Bite              |    14 |       ||    14
       Punch             |     2 |       ||     2
 Cast: Scorch            |     2 |       ||     2
  Use: Potion            |       |     1 ||     1
 Stab: Sleeping          |     2 |       ||     2
Armor: Robe              |    17 |       ||    17
Dodge: Dodged            |    57 |       ||    57

Levels and vault maps discovered:
D:1:      lightli_arrival_lavapool, layout_basic,
          shapermc_ecumenical_altar_pompeii
D:2:      minmay_door_path, layout_basic

Notes
Turn   | Place    | Note
-------+----------+-------------------------------------------
     0 | D:1      | sanka the Gnoll Cinder Acolyte began the quest for the Orb.
     0 | D:1      | Reached XP level 1. HP: 23/23 MP: 4/4
    55 | D:1      | Reached XP level 2. HP: 18/29 MP: 5/5
   190 | D:1      | Found a faded altar of an unknown god.
   731 | D:1      | Reached XP level 3. HP: 31/35 MP: 7/7
  1441 | D:2      | Reached skill level 1 in Invocations
  1683 | D:2      | Reached skill level 1 in Short Blades
  1683 | D:2      | Reached skill level 1 in Long Blades
  1683 | D:2      | Reached skill level 1 in Maces & Flails
  1683 | D:2      | Reached skill level 1 in Polearms
  1683 | D:2      | Reached skill level 1 in Staves
  1683 | D:2      | Reached skill level 1 in Slings
  1683 | D:2      | Reached skill level 1 in Bows
  1683 | D:2      | Reached skill level 1 in Crossbows
  1683 | D:2      | Reached skill level 1 in Throwing
  1683 | D:2      | Reached skill level 1 in Armour
  1683 | D:2      | Reached skill level 1 in Dodging
  1683 | D:2      | Reached skill level 1 in Stealth
  1683 | D:2      | Reached skill level 1 in Shields
  1683 | D:2      | Reached skill level 1 in Unarmed Combat
  1683 | D:2      | Reached skill level 1 in Evocations
  1782 | D:2      | Learned a level 2 spell: Scorch
  1826 | D:2      | HP: 2/35 [poisoned by an adder]
  1828 | D:2      | Reached XP level 4. HP: 1/41 MP: 3/8
  1828 | D:2      | Succumbed to an adder's poison

Vanquished Creatures
  An adder (D:2)
  2 worms (D:2)
  3 dart slugs
  4 endoplasms
  2 giant cockroaches (D:1)
  4 goblins
  3 hobgoblins (D:1)
  4 jackals (D:1)
  4 kobolds (D:1)
  A quokka (D:2)
  3 ball pythons
  2 bats (D:1)
  A frilled lizard (D:1)
  6 rats
40 creatures vanquished.
